 Dungeon Crawl Stone Soup version 0.29-a0-222-g5b244fca1f (webtiles) character file.

Game seed: 12921516341187735519

330 drugrobin the Chopper (level 6, -4/50 HPs)
             Began as a Demigod Fighter on Feb 28, 2022.
             Killed by divine providence
             ... invoked by a smoke demon
              (12 damage)
             ... on level 3 of the Abyss.
             The game lasted 00:09:37 (4548 turns).

drugrobin the Chopper (Demigod Fighter)             Turns: 4548, Time: 00:09:38

Health: -4/50      AC: 11    Str: 25    XL:     6   Next: 4%
Magic:  8/8        EV:  6    Int: 10    God:
Gold:   15         SH:  4    Dex: 13    Spells: 5/5 levels left

rFire   . . .      SeeInvis .   a - +0 hand axe (elec)
rCold   . . .      Faith    .   c - +0 buckler
rNeg    . . .      Spirit   .   p - +0 plate armour
rPois   .          Reflect  .   (no helmet)
rElec   .          Harm     .   (no cloak)
rCorr   .          Rampage  .   (no gloves)
Will    .....                   (no boots)
Stlth   ..........              g - amulet of magic regeneration
HPRegen 0.16/turn               (no ring)
MPRegen 0.51/turn               (no ring)

@: hasted (expiring), very quick
A: high MP 1, forlorn, divine attributes
a: no special abilities


You were on level 3 of the Abyss.
You visited 1 branch of the dungeon, and saw 3 of its levels.
You visited the Abyss 1 time.

You collected 119 gold pieces.
You spent 104 gold pieces at shops.

Inventory:

Hand Weapons
 a - a +0 hand axe of electrocution (weapon)
 b - a +0 hunting sling
 j - a +0 war axe
Missiles
 e - 97 stones (quivered)
 l - 3 curare-tipped darts
Armour
 c - a +0 buckler (worn)
 p - a +0 plate armour (worn)
Jewellery
 g - an amulet of magic regeneration (around neck)
 t - a +6 ring of dexterity
Wands
 u - a wand of flame (13)
Scrolls
 k - a scroll of teleportation
 o - a scroll of silence {unknown}
 r - a scroll of amnesia
 s - a scroll of holy word {unknown}
Potions
 d - a potion of might
 f - a potion of brilliance {unknown}
 h - 2 potions of attraction
 n - a potion of resistance {unknown}
 q - a potion of heal wounds {unknown}


   Skills:
 - Level 2.6 Fighting
 + Level 6.1 Axes
 - Level 2.6 Armour
 - Level 2.6 Shields


You had 5 spell levels left.
You didn't know any spells.
Your spell library contained the following spells:

 Spells                   Type           Power      Damage    Failure   Level
 Cause Fear               Hex            0%         N/A       100%        4
 Dragon Form              Tmut           0%         N/A       100%        7
 Dragon's Call            Summ           0%         N/A       100%        9


Dungeon Overview and Level Annotations

Branches:
Dungeon (3/15)

Shops:
D:3 ?

Annotations:
D:3 Cecur's ghost, amateur FoFi


Innate Abilities, Weirdness & Mutations

You have an increased reservoir of magic. (+10% MP)
You shall have no god before yourself.
Your divine heritage dramatically boosts your attributes as you level up.


Message History

Unknown command.
The white imp gestures at you. The puff of frost hits you.
* * * LOW HITPOINT WARNING * * *
Unknown command.
Unknown command.
You feel yourself speed up. The white imp gestures at you.
The puff of frost hits you.
* * * LOW HITPOINT WARNING * * *
Unknown command.
The white imp gestures at you.
The puff of frost hits you but does no damage.
You feel better.
A chaos spawn comes into view.
The chaos spawn shouts!
The small abomination hits you but does no damage.
The chaos spawn gibbers incoherently in a cacophony of voices.
The ynoxinul bellows!
The ynoxinul gestures.
The small abomination hits you.
* * * LOW HITPOINT WARNING * * *
The ynoxinul gestures.
A smoke demon comes into view.
The smoke demon roars!
A lich comes into view.
Your extra speed is starting to run out.
The lich shouts!
A small abomination comes into view.
A flayed ghost comes into view.
Unknown command.
The small abomination barely misses you.
The smoke demon gestures at you. Something smites you!
* * * LOW HITPOINT WARNING * * *
Unknown command.
Found a thick smoking staff.
The smoke demon gestures at you. Something smites you!
You die...

..##.###.##.5##..
#
...#..#..##.##.#
#x#5.#..# .# # .
. ###..## . .###
# #.#
#.3.5####.## ##
#≈....#.....# #
.#... #.#..##
#.W.##x##L... .W.
#.@..#..... ..
#|....#.#### .
#......###
#+###.## #.# ..#
.##


You could see a flayed ghost, a smoke demon, 2 small abominations and 2 ufetubi.

Vanquished Creatures
  An ogre (D:3)
  A gnoll shaman (D:2)
  An orc priest (D:3)
  7 gnolls
  5 adders (D:2)
  2 worms (D:3)
  3 dart slugs
  5 orcs (D:3)
  5 ball pythons
  5 bats
  6 endoplasms
  2 giant cockroaches (D:1)
  5 goblins
  4 hobgoblins
  4 jackals (D:2)
  4 quokkas
  A frilled lizard (D:2)
  3 kobolds
  4 rats
68 creatures vanquished.

Vanquished Creatures (others)
  A kobold (D:3)
1 creature vanquished.

Grand Total: 69 creatures vanquished

Notes
Turn   | Place    | Note
-------+----------+-------------------------------------------
     0 | D:1      | drugrobin the Demigod Fighter began the quest for the Orb.
     0 | D:1      | Reached XP level 1. HP: 18/18 MP: 3/3
   137 | D:1      | Reached skill level 2 in Axes
   358 | D:1      | Reached XP level 2. HP: 22/25 MP: 4/4
   745 | D:1      | Reached skill level 3 in Axes
  1041 | D:2      | Reached XP level 3. HP: 24/30 MP: 5/5
  1470 | D:2      | Reached skill level 4 in Axes
  1511 | D:2      | Reached XP level 4. HP: 37/37 MP: 6/6
  2416 | D:2      | Reached skill level 5 in Axes
  2736 | D:2      | Reached XP level 5. HP: 31/42 MP: 7/7
  2920 | D:3      | Found Ycayl's Magic Scroll Shop.
  2972 | D:3      | Found a runed translucent gate.
  2972 | D:3      | Found a runed translucent gate.
  2972 | D:3      | Found a runed translucent gate.
  2974 | D:3      | Bought a scroll of teleportation for 33 gold pieces
  2974 | D:3      | Bought a scroll of noise for 11 gold pieces
  2974 | D:3      | Bought a scroll of amnesia for 38 gold pieces
  2974 | D:3      | Bought a scroll of identify for 22 gold pieces
  2976 | D:3      | Noticed Cecur's ghost (amateur FoFi)
  3666 | D:3      | Noticed an ogre
  3688 | D:3      | Killed an ogre
  3689 | D:3      | Reached skill level 6 in Axes
  3689 | D:3      | Reached XP level 6. HP: 39/50 MP: 8/8
  4233 | D:3      | Cast into level 1 of the Abyss (kobold)
  4235 | Abyss:1  | thanks
  4282 | Abyss:1  | Noticed a large abomination
  4304 | Abyss:1  | Noticed a flying skull
  4326 | Abyss:2  | Noticed a small abomination
  4351 | Abyss:2  | Noticed a wretched star
  4416 | Abyss:2  | Noticed a raiju
  4416 | Abyss:2  | Noticed a raiju
  4417 | Abyss:2  | Noticed a raiju
  4417 | Abyss:2  | Noticed a raiju
  4448 | Abyss:3  | Noticed a neqoxec
  4487 | Abyss:3  | Noticed a large abomination
  4488 | Abyss:3  | Noticed a small abomination
  4489 | Abyss:3  | and so it ends
  4508 | Abyss:3  | Noticed a chaos spawn
  4518 | Abyss:3  | Noticed a ynoxinul
  4541 | Abyss:3  | Noticed a smoke demon
  4542 | Abyss:3  | Noticed a lich
  4543 | Abyss:3  | Noticed a flayed ghost
  4548 | Abyss:3  | Killed from afar by a smoke demon

Illustrated notes #. # ... ##......# #...#.... #.....#.# ......#.# ........# ........# #.......# ..#.##.@# #..# #..# #... #... #...# .#..# ...#. Turn 4235 on Abyss:1: thanks

#.. ## ### #..
#..#.#### #.#
#...@##.# ## #
#.#X....### ..#
...*###..§..#
#. ....
#.5.#x§#.#.
###.
#..#...#...#
.#..##.#....#.#
#..#. #..#.###
# .# .#5.#.###
. .####


Turn 4489 on Abyss:3: and so it ends

Levels and vault maps discovered:
D:1:      doesnt_arrival_eight_statues, layout_loops_ring, dk_noncrumbling_4,
          chequers_decorated_corner
D:2:      layout_basic, dreamdust_ecumenical_altar_angels_and_demons,
          minivault_11
D:3:      layout_loops_ring, serial_shops, shop, gammafunk_ghost_nasty_kobolds,
          fountainhead, serial_bayou_pond_c, ebering_dispersal_statue_hall,
          hangedman_abyss_or_decor_stabs
Abyss:3:  base: D:2, onia_ninara_dug_in_and_dangerous,
          grunt_abyss_rune_forest_and_sorcery, hangedman_abyss_or_decor_clamps,
          bh_abyss_negative

Skill      XL: |  1  2  3  4  5 |
---------------+----------------+-----
Axes           | 2 3 4 5 6 |  6.1
Fighting       | |  2.6
Armour         | |  2.6
Shields        | |  2.6

Action                   |  1- 3 |  4- 6 || total
-------------------------+-------+-------++-------
Melee: War axe           |    80 |    80 ||   160
       Hand axe          |       |    34 ||    34
 Fire: Hunting sling     |     5 |     6 ||    11
Throw: Stone             |     5 |     4 ||     9
       Dart              |     2 |     5 ||     7
  Use: Scroll            |       |     5 ||     5
       Potion            |       |     2 ||     2
Armor: Scale mail        |    37 |    22 ||    59
       Plate armour      |       |    40 ||    40
Dodge: Dodged            |    34 |    50 ||    84
Block: Buckler           |    25 |    21 ||    46

Table legend: (Time is in decaauts)
 A = Elapsed time spent in this place.
 B = Non-inter-level travel time spent in this place.
 C = Inter-level travel time spent in this place.
 D = Time resting spent in this place.
 E = Time spent auto-exploring this place.
 F = Levels seen in this place.
 G = Mean time per level.
                   A        B        C        D        E       F      G
               +--------+--------+--------+--------+--------+-----+--------+
         Total |   4606 |   4561 |     45 |    943 |   2560 |   6 |  767.7 |
       Dungeon |   4307 |   4262 |     45 |    885 |   2560 |   3 | 1435.7 |
         Abyss |    298 |    298 |      0 |     58 |      0 |   3 |   99.3 |
               +--------+--------+--------+--------+--------+-----+--------+

Top non-repeatable levels by time:
     D:2: 1799 daAuts
     D:3: 1298 daAuts
     D:1: 1209 daAuts
 Abyss:2: 110 daAuts
 Abyss:3: 103 daAuts
 Abyss:1: 85 daAuts
